 Dungeon Crawl Stone Soup version 0.31-a0-632-g766dd24fdf (webtiles) character file.

Game seed: 11859948983713178709

25 ytrimaz the Ruffian (level 2, 15/24 HPs)
             Began as a Demonspawn Berserker on Aug 25, 2023.
             Was a Follower of Trog.
             Quit the game on level 2 of the Dungeon.
             The game lasted 00:00:55 (1172 turns).

ytrimaz the Ruffian (Demonspawn Berserker)          Turns: 1172, Time: 00:00:56

Health: 15/24      AC:  2    Str: 17    XL:     2   Next: 86%
Magic:  2/2        EV: 12    Int:  8    God:    Trog [*.....]
Gold:   65         SH:  0    Dex: 12    Spells: 1/1 levels left

rFire   . .          .
                       - Unarmed
rCold   . . .        (no shield)
rNeg    . . .        a - +0 animal skin
rPois   .            (no helmet)
rElec   .            (no cloak)
rCorr   .            (no gloves)
SInv    .            (no boots)
Will    .....        (no amulet)
Stlth   +            (no ring)
HPRegen 0.24/turn    (no ring)
MPRegen 0.08/turn

%: no passive effects
@: no status effects
A: hooves 1
a: Renounce Religion, Berserk


You were on level 2 of the Dungeon.
You worshipped Trog.
Trog was aware of your devotion.
You visited 1 branch of the dungeon, and saw 2 of its levels.

You collected 65 gold pieces.


Innate Abilities, Weirdness & Mutations

You have large cloven feet.


   Skills:
 - Level 3.0 Fighting
 - Level 1.8 Armour
 + Level 2.5 Dodging
 + Level 3.2 Unarmed Combat


You had one spell level left.
You didn't know any spells.
Your spell library was empty.

Inventory:

Missiles
 f - a throwing net
Armour
 a - a +0 animal skin (worn)
Scrolls
 e - a scroll of immolation {unknown}
Potions
 b - a potion of brilliance {unknown}
 c - a potion of attraction {unknown}
 d - a potion of curing {unknown}
 g - a potion of magic {unknown}

Dungeon Overview and Level Annotations

Branches:
Dungeon (2/15) Zot: 10804

Altars:

##.........
##.###.##.##
##########.##
##.### .........##
### ###...###.#
####. #
#G#...#G#.#......
...###...###.>.#
#.............#
#.....@g.†...#..#
..............###.#
...###...###......#
. #G#...#G#.#.##.
###g..###.#.#
...... $.#.#
....... .# ###.####


You could see 2 great orbs of eyes, a shining eye, a floating eye, a hobgoblin
and a goblin.


Message History

No target in view!
Key pressed, stopping explore.
No target in view!
Key pressed, stopping explore.
No target in view!
A bat comes into view.
The bat closely misses you.
A bat is nearby!
A bat is nearby!
The bat closely misses you.
A bat is nearby!
You miss the bat. The bat barely misses you.
The bat hits you but does no damage.
You barely miss the bat. Your kick misses the bat.
The bat hits you but does no damage. The bat completely misses you.
The bat barely misses you. The bat hits you but does no damage.
You miss the bat. The bat barely misses you.
Unknown command.
You hit the bat.
You kill the bat!
Trog accepts your kill.
No target in view!
No target in view!
You see here a bat corpse.
As you open the door, it creaks loudly!
A rat comes into view.
There is an open door here.
A rat is nearby!
A rat is nearby!
A rat is nearby!
You hit the rat.
You kill the rat!
Trog accepts your kill.
There is an open door here.
There is an open door here.
Key pressed, stopping explore.
No target in view!
No target in view!
No target in view!
Key pressed, stopping explore.
Unknown command.
Key pressed, stopping explore.
No target in view!
Found an escape hatch in the floor.
No target in view!
The great orb of eyes turns its gaze towards you.
A ball python comes into view.
A ball python is nearby!
Found 17 gold pieces.
Found a faded altar of an unknown god.
The ball python hisses angrily.
A goblin comes into view. It is wielding a +0 club.
There are monsters nearby!
The floating eye turns its gaze towards you.
The great orb of eyes turns its gaze towards you.
The goblin shouts!
You hit the ball python but do no damage.
Your kick misses the ball python. The ball python barely misses you.
The ball python closely misses you.
You hit the ball python. You kick the ball python.
You kill the ball python!
Trog accepts your kill.
You see here a ball python corpse.
You hit the goblin but do no damage.
The goblin hits you with a +0 club. 😕 HP[-4]
You take 4 damage, and now have 20/24 hp.
You barely miss the goblin. You kick the goblin. Your punch misses the goblin.
The goblin barely misses you.
Unknown command.
You closely miss the goblin. Your kick misses the goblin.
The goblin hits you with a +0 club. 😕 HP[-1]
You take 1 damage, and now have 19/24 hp.
You hit the goblin but do no damage. You kick the goblin.
The goblin hits you but does no damage.
A hobgoblin comes into view.
You closely miss the goblin. The goblin barely misses you.
You barely miss the goblin.
The hobgoblin shouts!
Your kick misses the goblin.
The goblin hits you with a +0 club. 😮 HP[-3]
You take 3 damage, and now have 16/24 hp.
Unknown command.
You are too injured to fight recklessly!
The goblin hits you with a +0 club. 😮 HP[-1]
You take 1 damage, and now have 15/24 hp.
There is a faded altar of an unknown god here.
This altar belongs to (a) Yredelemnul, (b) Kikubaaqudgha or (c) Lugonu, but you can't tell which.
Press the corresponding letter to learn more about a god, or press enter to convert or escape to cancel.
Okay, then.
This altar belongs to (a) Yredelemnul, (b) Kikubaaqudgha or (c) Lugonu, but you can't tell which.
Press the corresponding letter to learn more about a god, or press enter to convert or escape to cancel.
Okay, then.
Unknown command.
Press < or > to pray at altars.
This altar belongs to (a) Yredelemnul, (b) Kikubaaqudgha or (c) Lugonu, but you can't tell which.
Press the corresponding letter to learn more about a god, or press enter to convert or escape to cancel.
Okay, then.
Unknown command.
Press < or > to pray at altars.
Are you sure you want to abandon this character and quit the game? (Confirm with "yes".)

Skill      XL: |  1  2 |
---------------+-------+-----
Dodging        | 2 |  2.5
Unarmed Combat | 3 |  3.2
Fighting       | |  3.0
Armour         | |  1.8

Action                     || total
---------------------------++-------
  Melee: Unarmed           ||    51
         Kick              ||     8
 Armour: Animal skin       ||     9
  Dodge: Dodged            ||    33

Levels and vault maps discovered:
D:1:      lightli_arrival_farm, layout_basic, serial_bayou_pond_c,
          minmay_misc_feat_secret_circle, minmay_misc_feat_room
D:2:      minmay_skewed_foursquare, layout_loops_ring,
          hellmonk_ecumenical_altar_watching_god

Notes
Turn   | Place    | Note
-------+----------+-------------------------------------------
     0 | D:1      | ytrimaz the Demonspawn Berserker began the quest for the
                  | Orb.
     0 | D:1      | Reached XP level 1. HP: 18/18 MP: 1/1
     0 | D:1      | magus.rc [v1.9.6]
   225 | D:1      | Reached skill level 2 in Dodging
   327 | D:1      | Gained mutation: You have large cloven feet. [demonic
                  | ancestry]
   327 | D:1      | Reached XP level 2. HP: 23/24 MP: 2/2
   369 | D:1      | Reached skill level 3 in Unarmed Combat
  1052 | D:2      | Identified the +0 dagger of Armageddon {flame, Dex+5}
  1156 | D:2      | Noticed a great orb of eyes
  1158 | D:2      | Found a faded altar of an unknown god.
  1159 | D:2      | Noticed a floating eye
  1159 | D:2      | Noticed a shining eye
  1159 | D:2      | Noticed a great orb of eyes
  1172 | D:2      | Quit the game

Vanquished Creatures
  A dart slug (D:1)
  2 endoplasms (D:1)
  2 giant cockroaches (D:1)
  A goblin (D:2)
  A hobgoblin (D:1)
  4 jackals (D:1)
  A quokka (D:1)
  3 ball pythons
  2 bats
  5 rats
22 creatures vanquished.

Table legend:
 A = Non-vault XP
 B = Vault XP
 C = Vault XP percentage of total XP
 D = Non-vault monster count
 E = Vault monster count
 F = Vault count percentage of total count
                 A         B        C        D         E       F
            +---------+---------+-------+---------+---------+-------
      Total |      36 |       1 |   2.7 |      21 |       1 |   4.5
            +---------+---------+-------+---------+---------+-------
        D:1 |      30 |       0 |   0.0 |      17 |       0 |   0.0
        D:2 |       6 |       1 |  14.3 |       4 |       1 |  20.0
            +---------+---------+-------+---------+---------+-------

Skill      XL: |  1  2 |
---------------+-------+-----
Dodging        | 2 |  2.5
Unarmed Combat | 3 |  3.2
Fighting       | |  3.0
Armour         | |  1.8

Action                     || total
---------------------------++-------
  Melee: Unarmed           ||    51
         Kick              ||     8
 Armour: Animal skin       ||     9
  Dodge: Dodged            ||    33

Illustrated notes

Table legend:
 A = Kills in this place as a percentage of kills in the entire game.
 B = Kills by you in this place as a percentage of kills by you in the entire game.
 C = Kills by friends in this place as a percentage of kills by friends in the entire game.
 D = Other kills in this place as a percentage of other kills in the entire game.
 E = Experience gained in this place as a percentage of experience gained in the entire game.
 F = Experience gained in this place divided by the number of levels of this place that you have seen.
                   A       B       C       D       E      F
               +-------+-------+-------+-------+-------+----------------------
         Total | 100.0 | 100.0 |   N/A |   N/A | 100.0 |  18.5
       Dungeon | 100.0 | 100.0 |   N/A |   N/A | 100.0 |  18.5
               +-------+-------+-------+-------+-------+----------------------

Table legend: (Time is in decaauts)
 A = Elapsed time spent in this place.
 B = Non-inter-level travel time spent in this place.
 C = Inter-level travel time spent in this place.
 D = Time resting spent in this place.
 E = Time spent auto-exploring this place.
 F = Levels seen in this place.
 G = Mean time per level.
                   A        B        C        D        E       F      G
               +--------+--------+--------+--------+--------+-----+--------+
         Total |   1195 |   1152 |     43 |      0 |   1007 |   2 |  597.5 |
       Dungeon |   1195 |   1152 |     43 |      0 |   1007 |   2 |  597.5 |
               +--------+--------+--------+--------+--------+-----+--------+

Top non-repeatable levels by time:
     D:1: 1011 daAuts
     D:2: 184 daAuts
